 Dungeon Crawl Stone Soup version 0.21-a0-504-g2eda330 (webtiles) character file.

17 4thArraOfDagon the Ruffian (level 2, 0/29 HPs)
             Began as a Troll Monk on Nov 26, 2017.
             Was a Believer of Ashenzari.
             Slain by a killer bee (4 damage)
             ... on level 2 of the Dungeon.
             The game lasted 00:02:33 (260 turns).

4thArraOfDagon the Ruffian (Troll Monk)              Turns: 260, Time: 00:02:34

Health: 0/29       AC:  5    Str: 18    XL:     2   Next: 44%
Magic:  1/1        EV: 10    Int: 11    God:    Ashenzari [**....]
Gold:   40         SH:  0    Dex: 12    Spells: 1/1 levels left

rFire    . . .     SeeInvis .     - Unarmed
rCold    . . .     Gourm    +   (no shield)
rNeg     . . .     Faith    .   a - +0 robe
rPois    .         Spirit   .   (helmet restricted)
rElec    .         Reflect  .   d - scarf {repulsion}
rCorr    .         Harm     .   (gloves unavailable)
MR       .....                  (boots unavailable)
Stlth    ++........             (no amulet)
HPRegen  0.49/turn              (no ring)
MPRegen  0.07/turn              (no ring)

@: brilliant, lethally poisoned (0 -> -3), repel missiles
A: large, unfitting armour, claws 3, fast metabolism 3, gourmand, regeneration
1, shaggy fur 1, tough skin 2
a: Curse Item, Scrying, Renounce Religion


You were on level 2 of the Dungeon.
You worshipped Ashenzari.
Ashenzari was pleased with you.
You were not hungry.

You visited 1 branch of the dungeon, and saw 3 of its levels.

You collected 40 gold pieces.

Inventory:

Armour
 a - a +0 robe (worn)
 d - a scarf of repulsion (worn)
Potions
 c - a potion of curing
Comestibles
 b - 2 bread rations


   Skills:
 - Level 2.4 Fighting
 - Level 2.4 Dodging
 - Level 1.0 Stealth
 * Level 3.9 Unarmed Combat


You had one spell level left.
You didn't know any spells.

Dungeon Overview and Level Annotations

Branches:
Dungeon (3/15)

Altars:
Ashenzari
Okawaru


Innate Abilities, Weirdness & Mutations

You are too large for most types of armour.
You have claws for hands.
Your metabolism is lightning-fast.
You like to eat raw meat.
Your natural rate of healing is unusually fast.
You are covered in fur. (AC +1)
You have very tough skin. (AC +2)


Message History

The killer bee stings you.
You are poisoned.
The killer bee poisons you! The killer bee barely misses you.
Unknown command.
You closely miss the killer bee.
The killer bee is heavily wounded.
You feel sick. The killer bee stings you!
You are more poisoned.
The killer bee poisons you!
Unknown command.
You miss the killer bee.
The killer bee is heavily wounded.
You feel sick. The killer bee closely misses you. The killer bee stings you.
Unknown command.
You closely miss the killer bee.
The killer bee is heavily wounded.
You feel sick. The killer bee stings you.
* * * LOW HITPOINT WARNING * * *
The killer bee stings you.
You die...

** * #.....#.# , , ....,
.# #.......#.# * *
##......# #..S..#.#..
.<.....# #....##.#..
####...#..# #..>....... *
,....... ..# #.#..####..
....... ..# #....####.. *
#......##.#######..#.....
+.....yy@................
*
,#......##.#######........
* ######. #.# #......... *
*#y #.# #.......## ,
,..,..# #.......'. #.##.#
#.......## ,..,..#
#.......## * *#. .##
#.......## , . #.......##


You could see 2 killer bees.

Vanquished Creatures
  An adder (D:3)
  A dart slug (D:1)
  A giant cockroach (D:1)
  A hobgoblin (D:2)
  A kobold (D:1)
  A bat (D:3)
  A frilled lizard (D:1)
7 creatures vanquished.

Vanquished Creatures (others)
  12 toadstools (D:2)
12 creatures vanquished.

Grand Total: 19 creatures vanquished

Notes
Turn   | Place    | Note
-------+----------+-------------------------------------------
     0 | D:1      | 4thArraOfDagon the Troll Monk began the quest for the Orb.
     0 | D:1      | Reached XP level 1. HP: 22/22 MP: 0/0
    28 | D:1      | Thaneod: later zig run x2?
    32 | D:1      | 4thArraOfDagon: nie, sproboje zdobyc dobry wynik
   120 | D:1      | Thaneod: M - the +8 orange crystal plate armour {Archmagi, Int+3 Clar}.
   145 | D:2      | Thaneod: a ta zbrojka dobra jest?
   192 | D:3      | 4thArraOfDagon: no dobra
   192 | D:3      | 4thArraOfDagon: pytanie czy mozesz z niej castowac
   195 | D:3      | Found an iron altar of Okawaru.
   205 | D:3      | Found a shattered altar of Ashenzari.
   206 | D:3      | 4thArraOfDagon: ash czy oka
   206 | D:3      | 4thArraOfDagon: moze ash
   210 | D:3      | Became a worshipper of Ashenzari the Shackled
   210 | D:3      | Reached * piety under Ashenzari
   210 | D:3      | Reached ** piety under Ashenzari
   217 | D:3      | Reached XP level 2. HP: 29/29 MP: 1/1
   253 | D:2      | Noticed a killer bee
   253 | D:2      | Noticed a killer bee
   260 | D:2      | Slain by a killer bee

Vault maps used:
D:1:      dpeg_arrival_concentric_ovals
D:2:      cheibrodos_fertilizer, kennysheep_generic_room_4
D:3:      kiku_gazebo_garden_becter, lemuel_crystal_altar,
          cheibrodos_ashenzari_chains, uniq_grinder, uniq_robin

Action                   || total
-------------------------++-------
Melee: Unarmed           ||    25
       Punch             ||     1
  Use: Scroll            ||     3
       Potion            ||     2
  Eat: Chunk             ||     3
Armor: Robe              ||    10
Dodge: Dodged            ||    18

Table legend:
 A = Spawn XP
 B = Non-spawn XP
 C = Spawn XP percentage of total XP
 D = Spawn monster count
 E = Non-spawn monster count
 F = Spawn count percentage of total count
 G = Total turns spent on level
                    A         B        C        D         E        F      G
               +---------+---------+-------+---------+---------+-------+---------
         Total |       0 |      25 |   0.0 |       0 |       7 |   0.0 |   260
               +---------+---------+-------+---------+---------+-------+---------
           D:1 |       0 |       9 |   0.0 |       0 |       4 |   0.0 |   145
           D:2 |       0 |       2 |   0.0 |       0 |       1 |   0.0 |    54
           D:3 |       0 |      14 |   0.0 |       0 |       2 |   0.0 |    61
               +---------+---------+-------+---------+---------+-------+---------
